 Dungeon Crawl Stone Soup version 0.26.1-2-gb8aa6d0cf2 (webtiles) character file.

Game seed: 9368165859685194804

46 Gadfly the Cudgeller (level 3, -14/36 HPs)
             Began as an Ogre Gladiator on Feb 9, 2021.
             Demolished by an ogre
             ... wielding a +0 giant spiked club
              (23 damage)
             ... on level 3 of the Dungeon.
             The game lasted 00:02:10 (1716 turns).

Gadfly the Cudgeller (Ogre Gladiator)               Turns: 1716, Time: 00:02:11

Health: -14/36     AC:  3    Str: 19    XL:     3   Next: 66%
Magic:  4/4        EV: 10    Int:  9    God:
Gold:   62         SH:  0    Dex: 10    Spells: 2/2 levels left

rFire    + . .     SeeInvis .   a - +1 flail
rCold    + . .     Faith    .   (no shield)
rNeg     . . .     Spirit   .   b - +0 robe
rPois    .         Reflect  .   c - +0 hat
rElec    .         Harm     .   h - scarf {rC+ rF+}
rCorr    .         Rampage  .   (gloves unavailable)
Will     .....                  (boots unavailable)
Stlth    +.........             (no amulet)
HPRegen  0.12/turn              (no ring)
MPRegen  0.09/turn              (no ring)

@: no status effects
A: large, unfitting armour, tough skin 1
a: no special abilities


You were on level 3 of the Dungeon.
You visited 1 branch of the dungeon, and saw 3 of its levels.

You collected 62 gold pieces.

Inventory:

Hand Weapons
 a - a +1 flail (weapon)
Missiles
 d - 3 throwing nets
 e - 100 stones (quivered)
Armour
 b - a +0 robe (worn)
 c - a +0 hat (worn)
 h - a scarf of resistance (worn)
Potions
 f - 2 potions of curing {unknown}
 g - a potion of brilliance {unknown}


   Skills:
 - Level 2.6 Fighting
 + Level 2.8 Maces & Flails
 + Level 2.2 Throwing
 * Level 1.1 Armour
 - Level 2.6 Dodging
 * Level 1.5 Invocations
 * Level 1.1 Evocations


You had 2 spell levels left.
You didn't know any spells.
Your spell library was empty.

Dungeon Overview and Level Annotations

Branches:
Dungeon (2/15)

Altars:


Innate Abilities, Weirdness & Mutations

You are too large for most types of armour.
You have tough skin. (AC +1)


Message History

Found a stone staircase leading down.
You barely miss the goblin. The goblin closely misses you.
The gnoll hits you with a +0 club.
You barely miss the goblin. The goblin barely misses you.
The gnoll closely misses you.
You closely miss the goblin. The goblin hits you but does no damage.
The gnoll hits you with a +0 club! The gnoll barely misses you.
You sock the goblin!
You kill the goblin!
The gnoll hits you with a +0 club.
The gnoll hits you from afar with a +0 halberd.
* * * LOW HITPOINT WARNING * * *
An ogre comes into view. It is wielding a +0 giant spiked club.
The ogre shouts!
You hit the ogre.
The ogre is lightly wounded.
The gnoll closely misses you.
The ogre hits you with a +0 giant spiked club!!
Ouch! That really hurt!
You die...

.###....##
......([#
........#
........#
........#
........#
#
g###....#
.# .#
###!##
#######..#
.# .#
#.ggg@O.>#
##
#.########
#.# #g#
#.# ####
#g# ..g#
#.# ##g#
#.# #.#
#.#


You could see an ogre and 3 gnolls.

Vanquished Creatures
  3 dart slugs (D:1)
  A leopard gecko (D:1)
  4 bats
  A giant cockroach (D:2)
  9 goblins
  5 hobgoblins (D:1)
  5 kobolds (D:1)
  3 frilled lizards
  5 rats
36 creatures vanquished.

Vanquished Creatures (others)
  3 plants (D:2)
3 creatures vanquished.

Grand Total: 39 creatures vanquished

Notes
Turn   | Place    | Note
-------+----------+-------------------------------------------
     0 | D:1      | Gadfly the Ogre Gladiator began the quest for the Orb.
     0 | D:1      | Reached XP level 1. HP: 22/22 MP: 1/1
    93 | D:1      | Reached XP level 2. HP: 19/29 MP: 2/2
   359 | D:1      | Reached skill level 1 in Invocations
   661 | D:1      | Reached XP level 3. HP: 32/36 MP: 3/3
  1017 | D:1      | Reached skill level 1 in Armour
  1120 | D:1      | Reached skill level 1 in Evocations
  1662 | D:2      | You fall into a shaft and drop 1 floor!
  1714 | D:3      | Noticed an ogre
  1716 | D:3      | Demolished by an ogre

Illustrated notes

Levels and vault maps discovered:
D:1:      matt_arrival_spirals, layout_loops_ring, st_stairs_7, moated_statue,
          nrook_uturn, supply_closet_lemuel
D:2:      layout_basic, gammafunk_temple_overflow_forgotten,
          nicolae_overflow_hidden_temple
D:3:      layout_basic, corexii_item_surrounded_by_moat, tgw_kikubaaqudgha

Skill      XL: |  1  2  3 |
---------------+----------+-----
Invocations    | 1 |  1.5
Armour         | 1 |  1.1
Evocations     | 1 |  1.1
Fighting       | |  2.6
Maces & Flails | |  2.8
Throwing       | |  2.2
Dodging        | |  2.6

Action                   || total
-------------------------++-------
Melee: Flail             ||   120
Throw: Stone             ||     4
  Use: Scroll            ||     3
Armor: Robe              ||    41
Dodge: Dodged            ||    78
